 Dungeon Crawl Stone Soup version 0.29.0-4-gdea44cf6ec (webtiles) character file.

Game seed: 742829165334278188

207 Plasmagod the Chopper (level 5, 0/46 HPs)
             Began as a Minotaur Fighter on Aug 27, 2022.
             Killed by divine providence
             ... invoked by an orc priest
              (12 damage)
             ... on level 3 of the Dungeon.
             The game lasted 00:02:37 (2038 turns).

Plasmagod the Chopper (Minotaur Fighter)            Turns: 2038, Time: 00:02:37

Health: 0/46       AC: 11    Str: 22    XL:     5   Next: 54%
Magic:  4/4        EV:  8    Int:  5    God:
Gold:   111        SH:  8    Dex: 10    Spells: 4/4 levels left

rFire   . . .      SeeInvis .   a - +0 war axe
rCold   . . .      Faith    .   k - +0 kite shield
rNeg    . . .      Spirit   .   b - +0 scale mail
rPois   .          Reflect  .   (helmet restricted)
rElec   .          Harm     .   m - +1 cloak
rCorr   .          Rampage  .   p - +1 pair of gloves
Will    .....                   (no boots)
Stlth   ..........              (no amulet)
HPRegen 0.15/turn               (no ring)
MPRegen 0.09/turn               (no ring)

@: no status effects
A: horns 2, retaliatory headbutt
a: no special abilities


You were on level 3 of the Dungeon.
You visited 1 branch of the dungeon, and saw 3 of its levels.

You collected 111 gold pieces.

Inventory:

Hand Weapons
 a - a +0 war axe (weapon)
Armour
 b - a +0 scale mail (worn)
 k - a +0 kite shield (worn)
 m - a +1 cloak (worn)
 p - a +1 pair of gloves (worn)
Jewellery
 s - an amulet of the acrobat
Scrolls
 e - a scroll of enchant armour {unknown}
 f - a scroll of noise {unknown}
 g - a scroll of poison {unknown}
 i - a scroll of teleportation {unknown}
 j - 4 scrolls of identify {unknown}
 n - a scroll of immolation {unknown}
 q - a scroll of amnesia {unknown}
Potions
 c - a potion of flight {unknown}
 d - a potion of might
 h - a potion of magic {unknown}
 l - 2 potions of degeneration {unknown}
 o - 2 potions of heal wounds {unknown}
 r - a potion of curing {unknown}


   Skills:
 - Level 4.2 Fighting
 + Level 5.9 Axes
 - Level 4.4 Armour
 - Level 4.1 Shields


You had 4 spell levels left.
You didn't know any spells.
Your spell library contained the following spells:

 Spells                   Type           Power      Damage    Failure   Level
 Static Discharge         Conj/Air       0%         3-3/arc   99%         2
 Summon Guardian Golem    Hex/Summ       0%         N/A       100%        3
 Dispel Undead            Necr           0%         3d6       100%        4
 Sticky Flame             Conj/Fire      0%         2d3       100%        4
 Orb of Destruction       Conj           0%         9d5       100%        7
 Spellforged Servitor     Conj/Summ      0%         N/A       100%        7


Dungeon Overview and Level Annotations

Branches:
Dungeon (3/15)

Altars:
Dithmenos
Trog


Innate Abilities, Weirdness & Mutations

You have a pair of horns on your head.
You reflexively headbutt those who attack you in melee.


Message History

* * * LOW HITPOINT WARNING * * *
You hear some strange, mumbled words.
You are confused.
You miss something. Your headbutt misses something.
The orc hits you from afar with a +0 trident.
* * * LOW HITPOINT WARNING * * *
Something hits you but does no damage.
You bump into the rock wall.
The orc hits you but does no damage. Something hits you but does no damage.
You bump into the rock wall.
The orc hits you but does no damage. Something hits you but does no damage.
You barely miss something. The orc barely misses you.
Something hits you but does no damage.
You miss something.
You feel less confused. Something hits you but does no damage.
You block the orc's attack. Something hits you but does no damage.
You closely miss something. The orc barely misses you. Something hits you.
* * * LOW HITPOINT WARNING * * *
You hit something.
Reactivating autopickup.
You feel a bit more experienced. You block the orc's attack.
You block the orc priest's attack. You block the orc's attack.
Things that are here:
a +0 dagger; a +0 robe You hit the orc.
The orc is moderately wounded.
The orc priest hits you but does no damage.
The orc hits you but does no damage. x2; You block the orc priest's attack.
You barely miss the orc. Your headbutt misses the orc.
The orc is moderately wounded.
The orc priest miscasts a cantrip.
The orc barely misses you.
You slash the orc!
You kill the orc!
The orc priest barely misses you.
An endoplasm comes into view.
The orc priest calls down the wrath of Beogh upon you.
Beogh smites you!
You die...

###...........#.#..#..
......>.....#.#.# .#
.......##........ #
.##....##..##.#.##
.......†...##.#...
.##.J..$#.....#....
......#....#### #..
###.#.).#### #
#.)o)@.# #.#.##.#
#.#.##.# #.#..... .
...#.#. # ##.#.###
....# .# ### ..


You could see an orc priest and an endoplasm (wandering).

Vanquished Creatures
  A howler monkey (D:3)
  An iguana (D:3)
  An orc wizard (D:3)
  A gnoll (D:1)
  3 adders (D:2)
  A worm (D:3)
  2 dart slugs (D:1)
  4 orcs (D:3)
  5 ball pythons
  A bat (D:1)
  8 endoplasms
  2 giant cockroaches (D:3)
  6 goblins
  4 hobgoblins
  4 jackals (D:2)
  6 kobolds
  7 quokkas
  8 frilled lizards
  3 rats
68 creatures vanquished.

Notes
Turn   | Place    | Note
-------+----------+-------------------------------------------
     0 | D:1      | Plasmagod the Minotaur Fighter began the quest for the Orb.
     0 | D:1      | Reached XP level 1. HP: 19/19 MP: 0/0
    40 | D:1      | Reached XP level 2. HP: 13/27 MP: 1/1
   385 | D:1      | Reached XP level 3. HP: 27/33 MP: 2/2
   534 | D:1      | Reached skill level 3 in Axes
   550 | D:1      | Found a faded altar of an unknown god.
  1166 | D:2      | Reached XP level 4. HP: 36/40 MP: 3/3
  1292 | D:2      | Reached skill level 4 in Axes
  1772 | D:3      | Reached skill level 5 in Axes
  1772 | D:3      | Reached XP level 5. HP: 35/46 MP: 4/4
  1945 | D:3      | Found a shadowy altar of Dithmenos.
  1983 | D:3      | Found a bloodstained altar of Trog.
  2038 | D:3      | Killed from afar by an orc priest

Illustrated notes

Levels and vault maps discovered:
D:1:      dpeg_arrival_radiant, layout_loops_cross,
          ebering_ecumenical_altar_box, minmay_quantized
D:2:      layout_loops_ring, minmay_split_cup_small
D:3:      layout_loops_cross, mainiacjoe_overflow_large_starburst,
          grunt_ministairs_6, minmay_cut_off

Skill      XL: |  1  2  3  4 |
---------------+-------------+-----
Fighting       | 4 |  4.2
Armour         | 4 |  4.4
Shields        | 4 |  4.1
Axes           | 3 5 |  5.9

Action                   |  1- 3 |  4- 6 || total
-------------------------+-------+-------++-------
Melee: War axe           |    72 |    63 ||   135
       Headbutt          |     5 |     2 ||     7
Armor: Scale mail        |    33 |    51 ||    84
Dodge: Dodged            |    39 |    25 ||    64
Block: Buckler           |    10 |       ||    10
       Kite shield       |    17 |    31 ||    48
